AoeStats
← [GG] Shevchenko 7

MegaRandom

504897632Analyzed
4v4 RM · 27d ago on Sep 7, 2026· 50m 45s· 8 players
Game mode
Random Map
Map size
Large (8 player)
Population
200
Speed
Normal
Resources
Standard
Victory
Conquest
Starting age
Dark Age
Ending age
Imperial Age
RankedLock teamsTeams togetherTeam positionsShared explorationLock speedFull tech treeHidden civsTurbo modeCheats
Victory
Defeat
🇨🇱 Portuguese · Chile
1075
+13
🇨🇱 Vietnamese · Chile
1071
+13
🇨🇱 Teutons · Chile
1009
+15
🇻🇪 Malay · Venezuela
999
+15
1044
-16
🇧🇷 Magyars · Brazil
1021
-15
🇧🇷 Teutons · Brazil
987
-14
🇧🇷 Slavs · Brazil
928
-11
Septem-Aeon
1:35 Loom
11:22 Feudal Age
13:54 Wheelbarrow
19:17 Castle Age
17:26 Gold Mining
20:51 Medium Warships
21:38 Double-Bit Axe
23:26 Bow Saw
29:26 Stone Mining
30:31 Horse Collar
31:09 Hand Cart
30:43 Town Watch
30:50 Pikeman
32:00 Forging
41:56 Iron Casting
41:22 Scale Mail Armor
50:18 Imperial Age
53:34 Imperial Age
Yisus
2:32 Loom
10:35 Feudal Age
11:20 Fishing Lines
11:49 Double-Bit Axe
19:55 Castle Age
20:15 Fletching
20:26 Padded Archer Armor
20:55 Medium Warships
20:36 Gillnets
21:01 Bow Saw
21:36 Stone Mining
21:48 Gold Mining
22:16 Bodkin Arrow
26:32 Wheelbarrow
26:54 Thumb Ring
29:55 Stone Shaft Mining
29:51 Hand Cart
29:22 Town Watch
33:30 Ballistics
33:06 Murder Holes
34:20 Chatras
35:50 Town Patrol
39:42 Imperial Age
38:17 Bloodlines
38:07 Husbandry
40:12 Forging
40:10 Scale Barding Armor
41:19 Horse Collar
43:17 Chemistry
43:15 Elite Rattan Archer
46:16 Two-Man Saw
45:44 Elite Battle Elephant
47:45 Chain Barding Armor
T3krom_xD
1:30 Loom
12:30 Feudal Age
15:19 Fletching
15:30 Padded Archer Armor
24:41 Castle Age
23:11 Double-Bit Axe
24:42 Crossbowman
dealedep
5:41 Loom
11:03 Feudal Age
22:31 Castle Age
20:38 Double-Bit Axe
20:38 Horse Collar
22:54 Wheelbarrow
22:06 Town Watch
23:00 Crossbowman
24:59 Fletching
26:13 Squires
29:30 Thumb Ring
33:38 Husbandry
34:32 Scale Barding Armor
34:22 Bodkin Arrow
36:06 Forging
39:32 Iron Casting
38:58 Padded Archer Armor
43:16 Pikeman
43:42 Arson
44:33 Bow Saw
44:39 Town Patrol
46:16 Hand Cart
[GG] Shevchenko 7
6:18 Loom
13:29 Feudal Age
19:00 Castle Age
17:35 Scale Barding Armor
29:17 Forging
36:46 Chain Barding Armor
37:01 Iron Casting
36:17 Fletching
36:28 Padded Archer Armor
36:28 Scale Mail Armor
42:00 Chain Mail Armor
41:41 Bodkin Arrow
42:02 Leather Archer Armor
42:03 Bloodlines
46:26 Imperial Age
[GG] Raúl González Blanco
10:12 Feudal Age
13:46 Loom
16:48 Castle Age
15:54 Double-Bit Axe
15:52 Horse Collar
20:15 Scale Barding Armor
20:33 Town Watch
23:01 Husbandry
24:20 Town Patrol
27:31 Wheelbarrow
27:49 Kamandaran
28:52 Fletching
29:42 Bodkin Arrow
29:59 Forging
30:00 Crossbowman
31:30 Hand Cart
32:13 Heavy Plow
33:02 Thumb Ring
33:16 Bloodlines
34:21 Pikeman
35:40 Padded Archer Armor
36:16 Iron Casting
36:05 Chain Barding Armor
39:25 Imperial Age
37:16 Leather Archer Armor
39:26 Cavalier
42:51 Chemistry
42:59 Iron Casting
43:35 Crop Rotation
43:21 Bow Saw
45:36 Ring Archer Armor
45:41 Plate Barding Armor
46:52 Savar
[GG] Ibrahimovic
6:03 Loom
13:34 Feudal Age
14:53 Double-Bit Axe
15:59 Town Watch
21:32 Castle Age
20:01 Fishing Lines
22:33 Scale Mail Armor
22:44 Forging
22:47 Fletching
22:58 Padded Archer Armor
24:48 Bodkin Arrow
25:29 Iron Casting
25:10 Chain Mail Armor
24:20 Pikeman
25:01 Squires
25:05 Gillnets
26:21 Leather Archer Armor
28:23 Town Patrol
30:04 Horse Collar
31:10 Sanctity
31:09 Bow Saw
37:39 Imperial Age
35:45 Wheelbarrow
35:14 Murder Holes
35:58 Masonry
36:12 Stone Mining
37:04 Ballistics
42:49 Scale Barding Armor
43:46 Blast Furnace
[GG] Trezeguet
10:01 Feudal Age
10:19 Loom
10:25 Loom
11:23 Wheelbarrow
10:36 Double-Bit Axe
10:34 Horse Collar
26:55 Castle Age
25:39 Scale Mail Armor
25:45 Scale Barding Armor
25:40 Stone Mining
25:45 Gold Mining
26:29 Fletching
26:41 Padded Archer Armor
32:08 Imperial Age
Connection lost

Rejoining the realm…

Still unreachable

The connection could not be restored.

Session expired

The server has moved on; the page needs a fresh start.